 Dungeon Crawl Stone Soup version 0.17-a0-1078-g243345b (webtiles) character file.

107 RobertPalmer the Slasher (level 4, 0/42 HPs)
             Began as a Naga Chaos Knight on May 19, 2015.
             Slain by a giant cockroach (1 damage)
             ... on level 3 of the Dungeon.
             The game lasted 00:03:23 (2228 turns).

RobertPalmer the Slasher (Naga Chaos Knight)        Turns: 2228, Time: 00:03:24

Health: 0/42       AC:  6    Str: 11 (14) XL:     4   Next: 86%
Magic:  4/4        EV:  9    Int: 14      God:    Xom [..*...]
Gold:   109        SH:  0    Dex: 10      Spells: 0 memorised, 3 levels left

rFire  . . .     SeeInvis +     a - +0 falchion (chaos)
rCold  . . .     Clarity  .     b - +3 leather armour
rNeg   . . .     SustAb   .     (no shield)
rPois  +         Gourm    .     (no helmet)
rElec  .         Spirit   .     (no cloak)
rCorr  .         Warding  .     (no gloves)
rMut   .         Stasis   .     (no barding)
MR     .....                    (no amulet)
Stlth  +.........               (no ring)
                                (no ring)

@: lethally poisoned (0 -> -2), very slow, not resistant to hostile
enchantments, very unstealthy
A: see invisible, deformed body, poison resistance, slowness 2, slow metabolism
1, spit poison 2, AC +1
a: Spit Poison, Renounce Religion


You were on level 3 of the Dungeon.
You worshipped Xom.
You were a toy of Xom.
You were not hungry.

You visited 1 branch of the dungeon, and saw 3 of its levels.

You collected 109 gold pieces.

Inventory:

Hand weapons
 a - a +0 falchion of chaos (weapon)
Armour
 b - a +3 leather armour (worn)
Scrolls
 d - a scroll of immolation {unknown}
 e - 2 scrolls of amnesia {unknown}
Comestibles
 c - 2 bread rations {@e1}
 j - a meat ration {@e2}


   Skills:
 - Level 3.0 Fighting
 + Level 5.4 Long Blades
 - Level 1.5 Armour
 - Level 0.7 Dodging


You had 3 spell levels left.
You didn't know any spells.

Dungeon Overview and Level Annotations

Branches:
Dungeon (3/15)

Altars:


Innate Abilities, Weirdness & Mutations

You cannot wear boots.
Your serpentine skin is tough (AC +1).
You have supernaturally acute eyesight.
Armour fits poorly on your strangely shaped body.
Your system is resistant to poisons.
You cover ground very slowly.
You have a slow metabolism.
You can spit poison.


Message History

You take 1 damage, and have 35/42 hp.
You slash the kobold!
You kill the kobold!
The giant cockroach bites you. The hobgoblin hits you with a club.
The giant cockroach closely misses you.
You take 6 damage, and have 29/42 hp.
You barely miss the adder. The adder bites you but does no damage.
The hobgoblin hits you with a club.
The giant cockroach bites you but does no damage.
The adder bites you.
You take 3 damage, and have 26/42 hp.
You barely miss the adder.
The hobgoblin hits you but does no damage.
The giant cockroach bites you but does no damage.
The adder bites you but does no damage.
You hit the adder. You burn the adder. The giant cockroach closely misses you.
The adder bites you.
You are poisoned.
The adder poisons you! The hobgoblin closely misses you.
The giant cockroach bites you.
You take 2 damage, and have 25/42 hp.
You closely miss the adder.
You feel sick. The adder bites you but does no damage.
The hobgoblin hits you but does no damage.
The giant cockroach barely misses you. The adder bites you.
You are more poisoned.
The adder poisons you!
You take 6 damage, and have 19/42 hp.
You hit the adder.
The adder is poisoned.
You feel sick. The adder barely misses you.
The giant cockroach barely misses you.
The hobgoblin hits you but does no damage.
You take 1 damage, and have 18/42 hp.
You hit the adder. You burn the adder.
You feel sick. The adder bites you.
The giant cockroach bites you but does no damage.
The hobgoblin hits you but does no damage.
You take 3 damage, and have 15/42 hp.
You hit the adder.
You kill the adder!
You feel sick. The giant cockroach bites you.
The hobgoblin hits you with a club.
* * * LOW HITPOINT WARNING * * *
You take 3 damage, and have 12/42 hp.
A giant newt comes into view.
You feel sick. The giant cockroach barely misses you.
The giant cockroach closely misses you. The hobgoblin barely misses you.
You see here an adder corpse.
Unknown command.
You hit the hobgoblin.
There is a sudden explosion of sparks!
You kill the hobgoblin!
The giant cockroach barely misses you.
A bat comes into view.
You barely miss the giant cockroach.
You feel sick.
The giant cockroach bites you but does no damage.
The giant newt barely misses you. The giant cockroach closely misses you.
You take 1 damage, and have 11/42 hp.
You barely miss the giant cockroach. The giant newt closely misses you.
The giant cockroach bites you.
* * * LOW HITPOINT WARNING * * *
The bat hits you but does no damage.
You take 2 damage, and have 9/42 hp.
You barely miss the giant newt.
You feel sick. The bat hits you but does no damage. The giant newt bites you.
* * * LOW HITPOINT WARNING * * *
The giant cockroach bites you but does no damage.
You take 4 damage, and have 5/42 hp.
You hit the giant cockroach. You freeze the giant cockroach.
The giant cockroach closely misses you.
The giant newt bites you but does no damage.
The bat hits you but does no damage.
You completely miss the giant cockroach.
* * * LOW HITPOINT WARNING * * *
You feel sick. The bat hits you but does no damage.
The giant cockroach bites you but does no damage.
The giant newt bites you but does no damage.
The giant cockroach bites you.
* * * LOW HITPOINT WARNING * * *
You take 2 damage, and have 3/42 hp.
Unknown command.
You aren't carrying any potions.
You hit the giant newt but do no damage.
The bat closely misses you. The giant newt closely misses you.
The giant cockroach closely misses you.
You miss the giant newt.
* * * LOW HITPOINT WARNING * * *
You feel sick. The bat hits you but does no damage.
The giant newt bites you but does no damage.
The giant cockroach barely misses you. The bat hits you.
* * * LOW HITPOINT WARNING * * *
You take 2 damage, and have 2/42 hp.
Unknown command.
You closely miss the giant newt. The bat barely misses you.
The giant newt bites you but does no damage.
The giant cockroach bites you but does no damage.
You hit the giant newt. You freeze the giant newt.
You kill the giant newt!
* * * LOW HITPOINT WARNING * * *
You feel sick. The bat hits you but does no damage.
The giant cockroach bites you.
You die... "I guess I need a new plaything now."

*********,,...,.....*...#
,****,,,,,,...S.....,...#
,,**,,***,*...g....,*#..## ***
,,,,,,,,,,,,....#..**#...# *,,
,,,,,,,,,,,,*,#...####.#.# #..
,,,,,,,,,,,*#,**#....#.#.# #..
,,,,,,,,,#.##.###.(......######..
,,,,,,,,,..=...†.....#....#..##..
***,,,,,,,.#.###@b...............
****,,,,,*,*,* #.s...####.....#..
,,,,,,,,,*,*,* #.....# ##...##..
*,,,,,,,,*,*,**#..>..# #...##..
*****,,,,,,,,,....(.######.#.....
** ***,,,,,,,..#......#.........
,******,,,,,,,...................
,,,,,,,,,,,,,....######..........
*,,,,,,,***,*###,,#..............


You could see a giant cockroach and a bat.

Vanquished Creatures
  3 gnolls (D:2)
  3 adders
  A worm (D:2)
  A giant gecko (D:1)
  4 giant cockroaches (D:1)
  9 goblins
  6 hobgoblins
  2 jackals (D:2)
  A ball python (D:1)
  7 bats
  3 giant newts
  6 kobolds
  8 rats
54 creatures vanquished.

Notes
Turn   | Place    | Note
--------------------------------------------------------------
     0 | D:1      | RobertPalmer the Naga Chaos Knight began the quest for the Orb.
     0 | D:1      | Reached XP level 1. HP: 21/21 MP: 1/1
    21 | D:1      | XOM: potion effect (invisibility)
    22 | D:1      | XOM: potion effect (brilliance)
    93 | D:1      | XOM: harmless Air miscast
   105 | D:1      | XOM: divination: magic mapping
   111 | D:1      | Reached XP level 2. HP: 24/28 MP: 2/2
   335 | D:1      | Reached skill level 4 in Long Blades
   351 | D:1      | Reached XP level 3. HP: 31/34 MP: 3/3
   691 | D:1      | XOM: colour smoke trail
   756 | D:2      | HP: 8/34 [adder (1)]
  1204 | D:2      | Reached XP level 4. HP: 39/42 MP: 4/4
  1624 | D:2      | Reached skill level 5 in Long Blades
  1627 | D:2      | HP: 8/42 [gnoll (6)]
  1911 | D:2      | XOM: harmless Air miscast
  2221 | D:3      | HP: 9/42 [giant cockroach (2)]
  2224 | D:3      | HP: 4/42 [poisoned by an adder]
  2228 | D:3      | HP: 1/42 [poisoned by an adder]
  2228 | D:3      | Slain by a giant cockroach

Vault maps used:
D:1:      minmay_arrival_jagged
D:2:      serial_forest, infiniplex_forest_clump_tiny,
          infiniplex_forest_lined_2, infiniplex_forest_clump_small,
          infiniplex_forest_straight_4, infiniplex_forest_clump_diagonal,
          infiniplex_forest_straight_3, infiniplex_forest_clump_small,
          first_bread
D:3:      gup_sewer_entry_bowl, serial_glass, glass_columns_a, glass_columns_a,
          uniq_crazy_yiuf_cottage, uniq_grinder

Action                   |  1- 3 |  4- 6 || total
-------------------------+-------+-------++-------
Melee: Falchion          |   124 |    52 ||   176
 Abil: Spit Poison       |       |     1 ||     1
  Use: Potion            |     4 |       ||     4
       Scroll            |     1 |     3 ||     4
 Stab: Invisible         |     1 |       ||     1
       Petrifying        |     2 |       ||     2
  Eat: Chunk             |     1 |     2 ||     3

Vault maps used:
D:1:      minmay_arrival_jagged
D:2:      serial_forest, infiniplex_forest_clump_tiny,
          infiniplex_forest_lined_2, infiniplex_forest_clump_small,
          infiniplex_forest_straight_4, infiniplex_forest_clump_diagonal,
          infiniplex_forest_straight_3, infiniplex_forest_clump_small,
          first_bread
D:3:      gup_sewer_entry_bowl, serial_glass, glass_columns_a, glass_columns_a,
          uniq_crazy_yiuf_cottage, uniq_grinder

Table legend:
 A = Turns spent in this place as a percentage of turns spent in the entire game.
 B = Non-inter-level travel turns spent in this place as a percentage of non-inter-level travel turns spent in the entire game.
 C = Inter-level travel turns spent in this place as a percentage of turns spent in this place.
 D = Turns resting spent in this place as a percentage of non-inter-level travel turns spent in this place.
 E = Turns spent auto-exploring this place as a percentage of non-inter-level travel turns spent in this place.
 F = Non-inter-level travel turns spent in this place divided by the number of levels of this place that you've seen.
                   A       B       C       D       E      F
               +-------+-------+-------+-------+-------+----------------------
         Total | 100.0 | 100.0 |   0.3 |   1.7 |  11.6 | 194.7
       Dungeon | 100.0 | 100.0 |   0.3 |   1.7 |  11.6 | 194.7
               +-------+-------+-------+-------+-------+----------------------

Table legend:
 A = Kills in this place as a percentage of kills in entire the game.
 B = Kills by you in this place as a percentage of kills by you in the entire game.
 C = Kills by friends in this place as a percentage of kills by friends in the entire game.
 D = Other kills in this place as a percentage of other kills in the entire game.
 E = Experience gained in this place as a percentage of experience gained in the entire game.
 F = Experience gained in this place divided by the number of levels of this place that you have seen.
                   A       B       C       D       E      F
               +-------+-------+-------+-------+-------+----------------------
         Total | 100.0 | 100.0 |  -nan |  -nan | 100.0 |  51.3
       Dungeon | 100.0 | 100.0 |  -nan |  -nan | 100.0 |  51.3
               +-------+-------+-------+-------+-------+----------------------
